 Dungeon Crawl Stone Soup version 0.27-a0-1312-g5cdb2b3542 (webtiles) character file.

Game seed: 12929134629385209438

3998 avis the Transmogrifier (level 10, -11/70 HPs)
             Began as a Merfolk Transmuter on June 20, 2021.
             Was an Initiate of Gozag.
             Mangled by Gastronok (18 damage)
             ... on level 8 of the Dungeon.
             The game lasted 00:57:31 (10369 turns).

avis the Transmogrifier (Merfolk Transmuter)       Turns: 10369, Time: 00:57:33

Health: -11/70     AC:  2    Str: 12    XL:     10   Next: 23%
Magic:  9/14       EV: 27    Int: 13    God:    Gozag
Gold:   747        SH:  0    Dex: 21    Spells: 3/15 levels left

rFire    . . .     SeeInvis .     - Unarmed
rCold    + . .     Faith    .   (shield currently unavailable)
rNeg     . . .     Spirit   .   (armour currently unavailable)
rPois    x         Reflect  .   (helmet currently unavailable)
rElec    .         Harm     .   (cloak currently unavailable)
rCorr    .         Rampage  .   (gloves currently unavailable)
Will     +....                  (boots currently unavailable)
Stlth    +++.......             (no amulet)
HPRegen  0.21/turn              k - ring of willpower
MPRegen  0.14/turn              A - ring of protection from cold

@: spider-form, wereblooded, studying Stealth
A: venomous fangs, tiny, (nimble swimmer 2), (mertail)
a: End Transformation, Renounce Religion, Potion Petition, Call Merchant, Bribe
Branch


You were on level 8 of the Dungeon.
You worshipped Gozag.
Gozag was pleased with you.
You were a venomous arachnid creature.
You visited 2 branches of the dungeon, and saw 9 of its levels.
You also visited: Sewer.

You collected 901 gold pieces.
You spent 125 gold pieces at shops.
You paid 29 gold pieces to Gozag.

Inventory:

Hand Weapons
 b - a +0 hunting sling
 w - a +1 dagger of venom
Missiles
 d - 28 arrows
 f - a curare-tipped dart
 g - 224 stones
 h - 6 atropa-tipped darts
 s - 15 poisoned darts
 v - 2 boomerangs
 B - 44 sling bullets
Armour
 j - a +1 robe of cold resistance
 u - a +2 leather armour of cold resistance (melded)
Jewellery
 k - a ring of willpower (left front leg)
 A - a ring of protection from cold (right front leg)
 E - a +6 ring of strength
Wands
 a - a wand of iceblast (6)
 G - a wand of acid (9)
Scrolls
 c - 2 scrolls of teleportation {unknown}
 e - 4 scrolls of identify {unknown}
 m - a scroll of amnesia {unknown}
 n - 3 scrolls of brand weapon {unknown}
 o - 4 scrolls of blinking {unknown}
 p - 2 scrolls of enchant armour {unknown}
 r - 2 scrolls of immolation {unknown}
 t - 2 scrolls of noise {unknown}
 y - a scroll of enchant weapon {unknown}
 z - 2 scrolls of vulnerability {unknown}
 D - a scroll of silence {unknown}
 F - a scroll of magic mapping {unknown}
Potions
 i - 3 potions of heal wounds {unknown}
 l - 3 potions of flight
 q - 2 potions of resistance
 x - a potion of degeneration {unknown}
 C - 3 potions of curing {unknown}


   Skills:
 * Level 3.5 Fighting
 + Level 8.4 Dodging
 - Level 3.0 Stealth
 + Level 9.3 Unarmed Combat
 - Level 3.0 Spellcasting
 + Level 10.5 Transmutations
 - Level 4.0 Ice Magic
 - Level 3.0 Poison Magic


You had 3 spell levels left.
You knew the following spells:

 Your Spells              Type           Power      Damage    Failure   Level
a - Beastly Appendage     Tmut           58%        N/A       2%          1
b - Wereblood             Tmut           29%        N/A       3%          2
c - Passwall              Tmut/Erth      12%        N/A       13%         2
p - Spider Form           Tmut/Pois      9%         N/A       13%         3
q - Ice Form              Ice/Tmut       20%        N/A       28%         4

Your spell library contained the following spells:

 Spells                   Type           Power      Damage    Failure   Level
 Sandblast                Erth           2%         2d4       43%         1
 Stone Arrow              Conj/Erth      2%         3d7       77%         3
 Petrify                  Tmut/Erth      15%        N/A       47%         4
 Lee's Rapid Deconstruct  Erth           0%         3d5*      100%        5


Dungeon Overview and Level Annotations

Branches:
Dungeon (8/15)             Temple (1/1) D:4           Sewer (visited)
   Lair: D:8-11

Altars:
Cheibriados
Dithmenos
Elyvilon
Fedhas
Gozag
Hepliaklqana
Kikubaaqudgha
Makhleb
Nemelex Xobeh
Okawaru
Qazlal
Ru
Sif Muna
Trog
Uskayaw
Vehumet
Yredelemnul
Zin
The Shining One

Shops:
D:4 *

Annotations:
D:5 1 runed translucent door
D:8 Gastronok


Innate Abilities, Weirdness & Mutations

You are a venomous arachnid creature.
You have poisonous fangs.
You are tiny and dextrous.
Your spellcasting is less reliable in this form.
Your armour is entirely melded.
You are incapable of wielding weapons or throwing items.
((You are quick and stealthy near water. (Stealth+, EV+, Speed+++)))
((Your lower body shifts to a powerful aquatic tail in water.))


Message History

The orc misses you.
You hit the orc but do no damage.
The orc is poisoned.
You hit the orc.
The orc looks as sick as possible!
The orc is severely wounded.
The orc hits you with a +0 short sword.
You bite the orc!
You feel a bit better.
You kill the orc!
Items here: $ )) [.
You hit Gastronok but do no damage.
Gastronok is poisoned.
You hiss as the wereblood boils in your veins!
Gastronok bites you!!
You bite Gastronok!
Gastronok looks as sick as possible!
Gastronok is lightly wounded.
You hit Gastronok.
Gastronok looks as sick as possible!
Gastronok is lightly wounded.
The river rat completely misses you.
You completely miss the river rat. The river rat misses you.
Gastronok bites you!!
* * * LOW HITPOINT WARNING * * *
Okay, then.
You hit Gastronok but do no damage.
Gastronok looks as sick as possible!
Gastronok is lightly wounded.
The river rat misses you.
Unknown command.
You hit Gastronok.
Gastronok looks as sick as possible!
Gastronok is lightly wounded.
Gastronok looks at you and mumbles some strange words.
You resist with significant effort. The river rat closely misses you.
Okay, then.
Okay, then.
Casting: Wereblood (safe; 3% risk of failure)
Confirm with . or Enter, or press ? or * to list all spells.
Aiming: Passwall (safe; 13% risk of failure)
Press: ? - help, Dir - move target A rock wall.
The river rat bites you but does no damage.
You begin to meditate on the wall.
You continue meditating on the rock.
The river rat completely misses you. Gastronok bites you!!
You die...
Your body crumbles into a pile of gold.

##### ### #.#.#####.#
#..<.#....# #.#..#.##.#
#r#..#..#.# #s#..#.<#.#
######### #w#..####.#
###.......# #.#.......#
..........# #.#r#######
..........# #......#
........w.######......##
....[.....o...............
.....###########......####
.....# .......#


You could see Gastronok (extremely poisoned) and a river rat (summoned).

Vanquished Creatures
  A hydra (D:6)
  A cyclops (D:6)
  The ghost of bande the Shield-Bearer, a novice GrFi of Okawaru (D:5)
  The ghost of trckry the Firebug, an amateur DEFE (D:3)
  3 orc warriors
  A sky beast (D:7)
  A black bear (D:5)
  4 ice beasts
  A necrophage (D:6)
  4 ogres
  A phantom (D:4)
  2 kobold brigands
  Blork the orc (D:5)
  2 bullfrogs
  A wyvern skeleton (D:7)
  A scorpion (D:7)
  2 centaur zombies (D:6)
  3 hounds
  A gnoll shaman (D:4)
  An orc priest (D:7)
  2 orc wizards
  3 hound skeletons
  A howler monkey skeleton (D:6)
  3 gnolls
  13 adders
  5 river rats
  A shadow imp (D:3)
  2 ufetubi (D:5)
  An adder skeleton (D:4)
  7 worms
  2 dart slugs
  13 orcs
  10 ball pythons
  6 endoplasms
  3 giant cockroaches
  16 goblins
  13 hobgoblins
  4 jackals
  4 quokkas
  4 bats
  2 frilled lizards (D:3)
  18 kobolds
  11 rats
177 creatures vanquished.

Notes
Turn   | Place    | Note
-------+----------+-------------------------------------------
     0 | D:1      | avis the Merfolk Transmuter began the quest for the Orb.
     0 | D:1      | Reached XP level 1. HP: 15/15 MP: 3/3
   102 | D:1      | Reached XP level 2. HP: 19/21 MP: 3/5
   200 | D:1      | HP: 1/21 [poisoned by a kobold]
   496 | D:1      | Learned a level 2 spell: Wereblood
   740 | D:1      | Reached skill level 3 in Transmutations
   740 | D:1      | Reached XP level 3. HP: 13/26 MP: 7/7
   910 | D:1      | Learned a level 3 spell: Spider Form
  1547 | D:2      | Reached skill level 1 in Poison Magic
  1885 | D:2      | Reached XP level 4. HP: 13/32 MP: 8/8
  2843 | D:3      | Found a runed translucent door.
  2844 | D:3      | Noticed a bullfrog
  2854 | D:3      | Noticed trckry's ghost (amateur DEFE)
  2948 | D:3      | Found a basalt altar of Yredelemnul.
  2949 | D:3      | Found a sparkling altar of Nemelex Xobeh.
  2968 | D:3      | Found a blossoming altar of Fedhas.
  3703 | D:3      | Reached XP level 5. HP: 37/37 MP: 4/9
  4147 | D:3      | Reached skill level 4 in Transmutations
  4161 | D:3      | Killed trckry's ghost
  4162 | D:3      | Reached skill level 5 in Unarmed Combat
  4162 | D:3      | Reached skill level 5 in Transmutations
  4162 | D:3      | Reached XP level 6. HP: 21/43 MP: 4/10
  4372 | D:3      | Learned a level 4 spell: Ice Form
  4455 | D:4      | Found a staircase to the Ecumenical Temple.
  4657 | D:4      | Found Akoit's Assorted Antiques.
  4839 | D:4      | Reached skill level 6 in Transmutations
  4839 | D:4      | Reached skill level 1 in Ice Magic
  4839 | D:4      | Reached XP level 7. HP: 48/48 MP: 8/11
  5398 | Temple   | Entered the Ecumenical Temple
  5526 | Temple   | Became a worshipper of Gozag Ym Sagoz the Greedy
  5595 | D:5      | Entered Level 5 of the Dungeon
  5627 | D:5      | Found a runed translucent door.
  5628 | D:5      | Noticed bande's ghost (novice GrFi)
  5645 | D:5      | Killed bande's ghost
  5646 | D:5      | Reached skill level 5 in Dodging
  5646 | D:5      | Reached skill level 7 in Transmutations
  5646 | D:5      | Reached XP level 8. HP: 11/54 MP: 7/12
  5658 | D:5      | Found a runed translucent door.
  5791 | D:5      | HP: 4/81 [poisoned by an adder]
  5858 | D:5      | HP: 2/54 [poisoned by an adder]
  6037 | D:5      | Found a glowing drain.
  6046 | Sewer    | Entered a sewer
  6272 | Sewer    | Learned a level 2 spell: Passwall
  6366 | Sewer    | HP: 3/64 [jackal (2)]
  6367 | Sewer    | Reached skill level 8 in Transmutations
  6372 | Sewer    | Reached skill level 1 in Stealth
  6405 | Sewer    | Found a white marble altar of Elyvilon.
  6750 | D:5      | Noticed Blork the orc
  6775 | D:5      | Killed Blork the orc
  6992 | D:5      | Reached XP level 9. HP: 55/59 MP: 10/13
  7465 | D:6      | Noticed a five-headed hydra
  7576 | D:6      | Noticed a cyclops
  7614 | D:6      | Killed a cyclops
  7615 | D:6      | Reached skill level 9 in Transmutations
  7663 | D:6      | Killed a five-headed hydra
  7664 | D:6      | Reached skill level 10 in Transmutations
  8129 | D:6      | Found a stormy altar of Qazlal.
  9133 | D:4      | Bought a dyed leather armour for 125 gold pieces
  9255 | D:7      | Reached XP level 10. HP: 54/67 MP: 12/14
  9971 | D:7      | Found a white marble altar of Elyvilon.
  9971 | D:7      | Found a glowing silver altar of Zin.
  9971 | D:7      | Found a glowing golden altar of the Shining One.
 10184 | D:8      | Noticed Gastronok
 10369 | D:8      | Mangled by Gastronok

Illustrated notes

Levels and vault maps discovered:
D:1:      eino_arrival_water_star, layout_rooms
D:2:      layout_loops_corners
D:3:      layout_basic, chequers_temple_overflow_statue_of_worship,
          ebering_ghost_sewer_d
D:4:      layout_rooms, minmay_temple_entry_slanted, serial_curves,
          eino_curves_03, eino_curves_04, serial_shops, shop_fountains,
          chequers_jeans
D:5:      layout_cave_pools, ebering_ghost_sewer_f, gup_sewer_entry_bubbles,
          uniq_blork_the_orc
D:6:      layout_layer_cave, old_standard_altar, minmay_manual_mess
D:7:      layout_cave_pools, good_gods_mini_temple
D:8:      layout_basic, nicolae_underground_beach, uniq_gastronok
Temple:   minmay_temple_bridge_abc

Skill      XL: |  1  2  3  4  5  6  7  8  9 10 |
---------------+-------------------------------+-----
Spellcasting   | 3 |  3.0
Transmutations | 3 5 6 7 8 10 | 10.5
Poison Magic   | 1 2 3 |  3.0
Unarmed Combat | 5 6 7 9 |  9.3
Dodging        | 3 5 8 |  8.4
Ice Magic      | 1 3 4 |  4.0
Stealth        | 3 |  3.0
Fighting       | 3 |  3.5

Action                   |  1- 3 |  4- 6 |  7- 9 | 10-12 || total
-------------------------+-------+-------+-------+-------++-------
Melee: Unarmed           |   110 |   151 |   259 |    77 ||   597
       Headbutt          |    17 |    15 |       |       ||    32
       Dagger            |     7 |       |       |       ||     7
       Punch             |     1 |     1 |       |       ||     2
       Tailslap          |       |       |     3 |       ||     3
 Cast: Beastly Appendage |    26 |    24 |     4 |       ||    54
       Spider Form       |     1 |    10 |    29 |     8 ||    48
       Wereblood         |       |     1 |     6 |     2 ||     9
       Ice Form          |       |       |     4 |       ||     4
       Passwall          |       |       |       |     1 ||     1
  Use: Potion            |       |       |     6 |       ||     6
 Stab: Sleeping          |       |     1 |     3 |     2 ||     6
Armor: Robe              |    20 |    15 |     1 |       ||    36
       Skin              |       |     8 |    37 |     2 ||    47
Dodge: Dodged            |    55 |    82 |   211 |    53 ||   401

Table legend: (Time is in decaauts)
 A = Elapsed time spent in this place.
 B = Non-inter-level travel time spent in this place.
 C = Inter-level travel time spent in this place.
 D = Time resting spent in this place.
 E = Time spent auto-exploring this place.
 F = Levels seen in this place.
 G = Mean time per level.
                   A        B        C        D        E       F      G
               +--------+--------+--------+--------+--------+-----+--------+
         Total |  10236 |   9559 |    677 |   3529 |   3323 |  10 | 1023.6 |
       Dungeon |   9489 |   8812 |    677 |   3089 |   3248 |   8 | 1186.1 |
        Temple |    140 |    140 |      0 |      0 |     74 |   1 |  140.0 |
         Sewer |    607 |    607 |      0 |    440 |      0 |   1 |  607.0 |
               +--------+--------+--------+--------+--------+-----+--------+

Top non-repeatable levels by time:
     D:6: 1998 daAuts
     D:2: 1625 daAuts
     D:3: 1564 daAuts
     D:1: 1245 daAuts
     D:4: 1077 daAuts
     D:5: 1016 daAuts
     D:7: 770 daAuts
   Sewer: 607 daAuts
     D:8: 190 daAuts
  Temple: 140 daAuts
